cohdb
Replays
Latest Replays
All Replays
Popular Replays
Top Player Replays
Match Explorer
How It Works
Community
CoH3 Stats
Reddit
Sign in to upload your games and track your stats! →
Sign in with Steam
Match 43189968
Unlisted
Match 43189968
Overview
Messages
Build Orders
End
Kradschützen Motorcycle Team
Panzergrenadier Squad
Panzergrenadier Squad
Construct Light Support Kompanie
2.5-tonne Medical Truck
Fire Support Elements
Flakvierling Half-track
2.5-tonne Medical Truck
Selects Panzerjäger Kommand Battlegroup
Selects Mine Fields
Selects Defensive Positions
Vehicle Survival Package
Selects Butterfly Bomb Drop
Butterfly Bomb Drop
Samar
Zerg6412
simranjitsingh713
UwU
InDex
Taka_nL
Meleys
♛Prince♛
0
0
Comments
sign in to comment!
No comments posted yet!